 Dungeon Crawl Stone Soup version 0.14-a0-1721-g84c87b2 (webtiles) character file.

255 Nicoed the Ducker (level 5, -1/41 HPs)
             Began as a Demonspawn Fighter on Jan 2, 2014.
             Killed by divine providence
             ... invoked by an orc priest
              (10 damage)
             ... on Level 3 of the Dungeon.
             The game lasted 00:11:37 (2852 turns).

Nicoed the Ducker (Demonspawn Fighter)              Turns: 2852, Time: 00:11:38

HP  -1/41        AC 12     Str 17      XL: 5   Next: 22%
MP   0/5         EV  7     Int 10      God:
Gold 90          SH 15     Dex 11      Spells:  0 memorised,  4 levels left

rFire  . . .     SeeInvis .     x - +2,+3 hand axe
rCold  . . .     Clarity  .     r - +3 ring mail
rNeg   . . .     Conserve .     c - +0 shield
rPois  .         rCorr    .     (no helmet)
rElec  .         rRot     .     (no cloak)
SustAb . .       Spirit   +     (no gloves)
rMut   .         Warding  .     (no boots)
Saprov + . .     Stasis   .     (no amulet)
                                (no ring)
                                (no ring)

@: slowed, heavily drained, very slow, slightly resistant to hostile
enchantments, extremely unstealthy
A: rough black scales 1, saprovore 1, magic shield
a: no special abilities


You were on level 3 of the Dungeon.
You were not hungry.

You visited 1 branch of the dungeon, and saw 3 of its levels.

You collected 90 gold pieces.

Inventory:

Hand weapons
 x - a +2,+3 hand axe (weapon)
Armour
 c - a +0 shield (worn)
 r - a +3 ring mail (worn)
Magical devices
 k - a wand of flame (0)
 m - a wand of invisibility (3) {unknown}
Comestibles
 a - a lychee
 d - 2 bread rations
 v - 2 meat rations
Scrolls
 b - a scroll of fog {unknown}
 e - 2 scrolls of magic mapping
 n - a scroll of recharging {unknown}
 p - 2 scrolls of amnesia {unknown}
 q - a scroll of enchant weapon I {unknown}
 u - a scroll of immolation {unknown}
Potions
 f - a potion of restore abilities {unknown}
 i - a potion of degeneration {unknown}
 j - a potion of invisibility {unknown}
 l - 2 potions of curing {unknown}
 t - a potion of resistance {unknown}
 w - 2 potions of might {unknown}


   Skills:
 - Level 3.0(1.1) Fighting
 + Level 2.8(0.9) Axes
 - Level 2.6(0.7) Armour
 * Level 3.8(1.8) Dodging
 - Level 2.6(0.7) Shields


You had 4 spell levels left.
You didn't know any spells.

Dungeon Overview and Level Annotations

Branches:
Dungeon (3/16)

Altars:
Ashenzari


Innate Abilities, Weirdness & Mutations

You are partially covered in rough black scales (AC +4, Dex -1).
You can tolerate rotten meat.
When hurt, damage is shared between your health and your magic reserves.


Message History

The orc wizard hits you with an orcish dagger.
* * * LOW HITPOINT WARNING * * *
You block the orc wizard's attack. The orc priest barely misses you.
The orc wizard hits you but does no damage.
The orc priest barely misses you.
You hit the orc wizard.
The orc wizard is almost dead.
The orc wizard barely misses you. You block the orc wizard's attack.
The orc priest hits you but does no damage.
The orc wizard gestures at you while chanting.
The magic dart hits you!
The orc priest looks braver.
You closely miss the orc wizard.
The orc wizard is almost dead.
You block the orc wizard's attack.
The orc wizard hits you but does no damage.
The orc priest jeers noisily, as Orcs often do.
The orc priest calls down the wrath of Beogh upon you.
Something smites you!
You die...

#.# #r# . #.#
#o# # ##.###
#o# #....# #o#
####.# #.# #.#
#.# #.# #.#
#.##########.#
#..o@ooro....#
##############


You could see an orc priest, an orc wizard, 2 orcs and a rat.

Vanquished Creatures
  An orc priest (D:3)
  An orc wizard (D:3)
  Terence (D:3)
  3 adders (D:3)
  A worm (D:3)
  A giant mite (D:1)
  7 orcs (D:3)
  A ball python (D:2)
  9 goblins
  3 hobgoblins
  2 jackals (D:2)
  2 quokkas (D:3)
  5 bats
  5 giant cockroaches
  5 giant newts
  5 kobolds
  3 rats
55 creatures vanquished.

Notes
Turn   | Place    | Note
--------------------------------------------------------------
     0 | D:1      | Nicoed, the Demonspawn Fighter, began the quest for the Orb.
     0 | D:1      | Reached XP level 1. HP: 18/18 MP: 1/1
   129 | D:1      | Reached skill level 1 in Dodging
   131 | D:1      | Gained mutation: You are partially covered in rough black scales (AC +4, Dex -1). [demonic ancestry]
   131 | D:1      | Reached XP level 2. HP: 21/24 MP: 2/2
   370 | D:1      | Found a shattered altar of Ashenzari.
   929 | D:2      | Gained mutation: When hurt, damage is shared between your health and your magic reserves. [demonic ancestry]
   929 | D:2      | Reached XP level 3. HP: 18/29 MP: 3/3
  1678 | D:3      | Noticed Terence
  1782 | D:3      | Killed Terence
  1979 | D:3      | Reached XP level 4. HP: 20/35 MP: 2/4
  2188 | D:3      | Gained mutation: You can tolerate rotten meat. [demonic ancestry]
  2188 | D:3      | Reached XP level 5. HP: 37/41 MP: 5/5
  2852 | D:3      | Killed from afar by an orc priest

Action                   |  1- 3 |  4- 6 || total
-------------------------+-------+-------++-------
Melee: Hand axe          |   161 |   109 ||   270
  Use: Scroll            |     4 |     3 ||     7
       Potion            |     1 |     2 ||     3
